 Dungeon Crawl Stone Soup version 0.29.1-13-g9f3cf754e1 (webtiles) character file.

Game seed: 16890367558681845357

9 croobank the Sneak (level 2, -1/18 HPs)
             Began as a Deep Elf Delver on Jan 25, 2023.
             Slain by Edmund
             ... wielding a +4 flail of protection
              (7 damage)
             ... on level 4 of the Dungeon.
             The game lasted 00:02:31 (582 turns).

croobank the Sneak (Deep Elf Delver)                 Turns: 582, Time: 00:02:32

Health: -1/18      AC:  3    Str:  9    XL:     2   Next: 6%
Magic:  4/4        EV: 12    Int: 14    God:
Gold:   34         SH:  0    Dex: 16    Spells: 1/1 levels left

rFire   . . .      SeeInvis .   a - +0 short sword
rCold   . . .      Faith    .   (no shield)
rNeg    . . .      Spirit   .   b - +0 leather armour
rPois   .          Reflect  .   (no helmet)
rElec   .          Harm     .   (no cloak)
rCorr   .          Rampage  .   (no gloves)
Will    .....                   (no boots)
Stlth   ++........              (no amulet)
HPRegen 0.06/turn               (no ring)
MPRegen 0.09/turn               (no ring)

@: very slow
A: no striking features
a: no special abilities


You were on level 4 of the Dungeon.
You visited 1 branch of the dungeon, and saw 3 of its levels.

You collected 34 gold pieces.

Inventory:

Hand Weapons
 a - a +0 short sword (weapon)
 f - a +0 sling
Armour
 b - a +0 leather armour (worn)
Jewellery
 i - an amulet of reflection
Wands
 g - a wand of digging (3)
Scrolls
 c - a scroll of fog
 d - a scroll of magic mapping
 e - a scroll of identify
 h - a scroll of immolation


   Skills:
 + Level 2.5 Fighting
 + Level 2.2 Short Blades
 + Level 2.7 Dodging
 + Level 6.1 Stealth


You had one spell level left.
You didn't know any spells.
Your spell library was empty.

Dungeon Overview and Level Annotations

Branches:
Dungeon (6/15)
 Temple: D:4-7

Altars:

Annotations:
D:4 Edmund, Natasha


Message History

The helpless adder fails to defend itself.
You impale the adder!!
You kill the adder!
You have reached level 2!
The ball python hisses angrily.
The ball python closely misses you. The ball python grabs you.
The ball python constricts you.
You hit the ball python but do no damage.
The ball python bites you but does no damage.
The ball python constricts you.
You hit the ball python.
You kill the ball python!
No target in view!
You see here a ball python corpse.
Edmund the Younger comes into view.
He is wielding a +4 flail of protection.
Edmund shouts!
A scorpion comes into view.
Found a ring mail.
You open the gate.
Edmund clears his throat.
Found a dented copper amulet.
Found a stone staircase leading up.
Natasha, Servant of Life and Death comes into view.
There is an open gate here.
You see here an amulet of reflection.
i - an amulet of reflection Natasha hisses angrily.
Edmund says, "I might not be good at magic, but I can still kill you!"
As you read the scroll labelled KOTRUBBUO, it crumbles to dust.
It is a scroll of identify.
h - a scroll of immolation Edmund hits you with a +4 flail of protection.
You aren't carrying any potions.
Okay, then.
Edmund attacks as you move away!
Edmund hits you with a +4 flail of protection!
You enter the shallow water.
Moving in this stuff is going to be slow.
Edmund hits you with a +4 flail of protection!
You die...

.. ... # ...~ ~. .
...~# #~. . #..~~#
#~~. . #...~~# #~~..
#####.
#...~~#####~~...
#.##.. #...~@~#~~~...#
#.##..
##....@......####.##>.
##.........##.......†
###.h...#######.##.#
###'''##### #.##.#
#.........####.##†.
#.......h......####
#..######.###### #.[..
#.#


You could see Edmund and Natasha.

Vanquished Creatures
  An adder (D:4)
  A ball python (D:4)
2 creatures vanquished.

Notes
Turn   | Place    | Note
-------+----------+-------------------------------------------
     0 | D:5      | croobank the Deep Elf Delver began the quest for the Orb.
     0 | D:5      | Reached XP level 1. HP: 13/13 MP: 3/3
     1 | D:6      | Noticed an iguana
   550 | D:4      | Reached XP level 2. HP: 18/18 MP: 4/4
   569 | D:4      | Noticed Edmund
   573 | D:4      | Noticed a scorpion
   575 | D:4      | Noticed Natasha
   582 | D:4      | Slain by Edmund

Illustrated notes

Levels and vault maps discovered:
D:4:      layout_loops_ring, minmay_misc_feat_pillars, kennysheep_donut,
          uniq_grinder, uniq_natasha, uniq_edmund, uniq_eustachio
D:5:      layout_gridville, grunt_temple_overflow_open, uniq_prince_ribbit1
D:6:      dreamdust_elfheim, layout_loops_cross,
          minmay_temple_entry_statues_fountains, gammafunk_ghost_split,
          gup_ossuary_entry_pyramid, uniq_menkaure

Action                   || total
-------------------------++-------
Melee: Short sword       ||     4
  Use: Scroll            ||     2
       Potion            ||     1
 Stab: Sleeping          ||     1
Armor: Leather armour    ||     1
Dodge: Dodged            ||     3
